 Dungeon Crawl Stone Soup version 0.20.0-15-g7f486f2 (console) character file.

220 Loke the Sneak (level 6, -1/38 HPs)
             Began as a Halfling Enchanter on June 9, 2017.
             Slain by an orc
             ... wielding a +0 dagger
              (4 damage)
             ... on level 4 of the Dungeon.
             The game lasted 00:06:57 (2232 turns).

Loke the Sneak (Halfling Enchanter)                 Turns: 2232, Time: 00:06:58

Health: -1/38      AC:  4    Str:  9    XL:     6   Next: 18%
Magic:  0/8        EV: 15    Int: 15    God:
Gold:   237        SH:  0    Dex: 15    Spells: 2/8 levels left

rFire    . . .     SeeInvis .   k - +0 war axe (flame)
rCold    . . .     Gourm    .   (shield restricted)
rNeg     . . .     Faith    .   b - +0 robe
rPois    .         Spirit   .   (no helmet)
rElec    .         Reflect  .   (no cloak)
rCorr    .         Harm     .   l - +1 pair of gloves
MR       .....                  (no boots)
Stlth    +++.......             (no amulet)
Regen    0.2/turn               (no ring)
MPRegen  0.2/turn               (no ring)

@: lethally poisoned (-1 -> -2), very slightly contaminated
A: mutation resistance 1
a: no special abilities


You were on level 4 of the Dungeon.
You were not hungry.

You visited 1 branch of the dungeon, and saw 4 of its levels.

You collected 237 gold pieces.

Inventory:

Hand Weapons
 a - a +0 short sword
 k - a +0 war axe of flaming (weapon)
 r - a +1 hunting sling of flaming
Missiles
 e - 8 poisoned needles
 j - 16 sling bullets
Armour
 b - a +0 robe (worn)
 l - a +1 pair of gloves (worn)
Scrolls
 f - 3 scrolls of remove curse {unknown}
 g - 2 scrolls of enchant armour {unknown}
 h - 2 scrolls of fear {unknown}
 i - 5 scrolls of identify {unknown}
 m - a scroll of recharging {unknown}
 o - a scroll of enchant weapon {unknown}
 q - a scroll of noise {unknown}
Books
 c - a book of Maledictions

   Spells                             Type                      Level
   a - Corona                         Hexes                        1
   b - Ensorcelled Hibernation        Hexes/Ice                    2
   c - Confuse                        Hexes                        3
   d - Tukima's Dance                 Hexes                        3
   e - Dazzling Spray                 Conjuration/Hexes            3
Comestibles
 d - 3 bread rations
 n - a royal jelly


   Skills:
 + Level 1.0 Fighting
 + Level 2.7 Short Blades
 + Level 1.2 Axes
 - Level 2.1 Dodging
 + Level 5.2 Stealth
 - Level 1.5 Spellcasting
 + Level 3.6 Hexes


You had 2 spell levels left.
You knew the following spells:

 Your Spells              Type           Power        Failure   Level  Hunger
a - Corona                Hex            ##.....      4%          1    ##.....
b - Ensorcelled Hibernat  Hex/Ice        #.....       17%         2    ###....
c - Confuse               Hex            ##......     16%         3    ####...


Dungeon Overview and Level Annotations

Branches:
Dungeon (4/15)
 Temple: D:4-7

Altars:
Fedhas
Gozag

Annotations:
D:2 exclusion: oklob plant


Innate Abilities, Weirdness & Mutations

You are small and have problems with some larger weapons.
You are somewhat resistant to further mutation.


Message History

Unknown command.
The orc priest hits you with a dagger.
* * * LOW HITPOINT WARNING * * *
You aren't carrying any potions.
You slash the orc priest! You burn the orc priest.
You kill the orc priest!
Your Axes skill increases to level 1!
You hit the orc. You burn the orc.
You feel sick. The orc hits you with a dagger.
* * * LOW HITPOINT WARNING * * *
You slash the orc! You burn the orc.
You kill the orc!
You barely miss the orc. The orc closely misses you. The orc barely misses you.
You closely miss the orc.
The orc is moderately wounded.
The orc closely misses you.
You hit the orc but do no damage.
The orc is moderately wounded.
You feel sick. The orc misses you. The orc hits you with a dagger.
You die...

### #<#
#.#######
#..)....##
#..o@...(#
#.#####..#
#.# # #.#
#o# #o#
#o#
....o...#
.......##


You could see an orc.

Vanquished Creatures
  The ghost of tilp the Firebug, an amateur HOFE (D:3)
  An orc priest (D:4)
  4 adders
  2 oozes
  A worm (D:3)
  3 dart slugs (D:1)
  3 leopard geckos
  3 orcs
  3 bats
  5 giant cockroaches
  3 goblins (D:2)
  9 hobgoblins
  2 jackals (D:1)
  2 quokkas (D:2)
  6 frilled lizards
  3 kobolds
  5 rats
56 creatures vanquished.

Notes
Turn   | Place    | Note
-------+----------+-------------------------------------------
     0 | D:1      | Loke the Halfling Enchanter began the quest for the Orb.
     0 | D:1      | Reached XP level 1. HP: 11/11 MP: 3/3
   132 | D:1      | Reached XP level 2. HP: 9/17 MP: 2/4
   166 | D:1      | Learned a level 2 spell: Ensorcelled Hibernation
   341 | D:1      | Reached skill level 4 in Stealth
   341 | D:1      | Reached XP level 3. HP: 11/21 MP: 3/5
   959 | D:2      | Reached XP level 4. HP: 14/27 MP: 1/6
  1268 | D:2      | Found an opulent altar of Gozag.
  1330 | D:2      | Found a blossoming altar of Fedhas.
  1339 | D:2      | Noticed an oklob plant
  1445 | D:2      | Learned a level 3 spell: Confuse
  1861 | D:3      | Noticed tilp's ghost (amateur HOFE)
  1887 | D:3      | Killed tilp's ghost
  1887 | D:3      | Reached skill level 1 in Fighting
  1887 | D:3      | Reached XP level 5. HP: 32/33 MP: 7/7
  1967 | D:3      | Reached skill level 5 in Stealth
  2224 | D:4      | Reached XP level 6. HP: 20/38 MP: 5/8
  2229 | D:4      | Reached skill level 1 in Axes
  2232 | D:4      | Slain by an orc

Skill      XL: |  1  2  3  4  5  6 |
---------------+-------------------+-----
Stealth        | 4 5 |  5.2
Hexes          | 3 |  3.6
Fighting       | 1 |  1.0
Short Blades   | 2 |  2.7
Axes           | 1 |  1.2
Dodging        | |  2.1
Spellcasting   | |  1.5

Action                   |  1- 3 |  4- 6 || total
-------------------------+-------+-------++-------
Melee: Dagger            |     9 |       ||     9
       Short sword       |    90 |    60 ||   150
       War axe           |       |    29 ||    29
 Cast: Corona            |    20 |     8 ||    28
       Ensorcelled Hiber |       |     8 ||     8
  Use: Potion            |       |     1 ||     1
 Stab: Sleeping          |    10 |    11 ||    21
  Eat: Chunk             |     1 |     5 ||     6
Armor: Robe              |    16 |     9 ||    25
       Skin              |       |    13 ||    13
Dodge: Dodged            |    71 |    55 ||   126
